 Dungeon Crawl Stone Soup version 0.30.1-10-g1249ef9ec4 (webtiles) character file.

Game seed: 233094846720642328

88 Wiggles the Chopper (level 4, 0/41 HPs)
             Began as a Minotaur Berserker on Oct 26, 2023.
             Was a Believer of Trog.
             Killed from afar by an orc wizard (6 damage)
             ... with a magic dart
             ... on level 2 of the Dungeon.
             The game lasted 00:02:33 (887 turns).

Wiggles the Chopper (Minotaur Berserker)             Turns: 887, Time: 00:02:33

Health: 0/41       AC:  2    Str: 23    XL:     4   Next: 29%
Magic:  3/3        EV: 12    Int:  4    God:    Trog [**....]
Gold:   46         SH:  0    Dex: 10    Spells: 3/3 levels left

rFire   . . .        a - +0 hand axe
rCold   . . .        (no shield)
rNeg    . . .        b - +0 animal skin
rPois   .            (helmet restricted)
rElec   .            (no cloak)
rCorr   .            (no gloves)
SInv    .            (no boots)
Will    .....        (no amulet)
Stlth   +            (no ring)
HPRegen 0.26/turn    (no ring)
MPRegen 0.08/turn

%: no passive effects
@: confused
A: horns 2, retaliatory headbutt
a: Renounce Religion, Berserk, Trog's Hand


You were on level 2 of the Dungeon.
You worshipped Trog.
Trog was pleased with you.
You visited 1 branch of the dungeon, and saw 2 of its levels.

You collected 46 gold pieces.

Inventory:

Hand Weapons
 a - a +0 hand axe (weapon)
Armour
 b - a +0 animal skin (worn)
Scrolls
 c - a scroll of enchant weapon {unknown}
 e - a scroll of summoning {unknown}
 f - a scroll of noise {unknown}
 i - a scroll of teleportation {unknown}
 j - 3 scrolls of identify {unknown}
Potions
 d - 2 potions of flight {unknown}
 g - a potion of attraction {unknown}
 h - a potion of haste {unknown}


   Skills:
 + Level 4.6 Fighting
 + Level 4.8 Axes
 + Level 2.9 Armour
 + Level 2.8 Dodging
 + Level 0.1 Stealth


You had 3 spell levels left.
You didn't know any spells.
Your spell library was empty.

Dungeon Overview and Level Annotations

Branches:
Dungeon (2/15)

Altars:
Ru


Innate Abilities, Weirdness & Mutations

You have a pair of horns on your head.
You reflexively headbutt those who attack you in melee.


Message History

a +0 club; an orc corpse Something hits you.
Things that are here:
a +0 club; an orc corpse Something hits you.
You hit something but do no damage. Your headbutt misses something.
Something hits you.
The orc throws a boomerang.
You barely miss something. Something barely misses you.
The orc throws a boomerang.
The boomerang completely misses you.
You hear some strange, mumbled words.
You are confused.
The orc throws a boomerang.
The boomerang barely misses you.
You hit something.
You hear some strange, mumbled words.
You are more confused.
You hit something.
You hear some strange, mumbled words.
A magic dart appears from out of thin air!
The magic dart hits you!
The orc throws a boomerang.
You completely miss something. You slash the orc!
You kill the orc!
Trog accepts your kill.
You hit something but do no damage. Something hits you.
You bump into the rock wall.
Something hits you. The orc hits you with a +0 hand axe.
You're too confused to move!
Something hits you.
* * * LOW HITPOINT WARNING * * *
The orc hits you with a +0 hand axe.
* * * LOW HITPOINT WARNING * * *
You slash the orc!
You kill the orc!
Trog accepts your kill.
You miss something. Something hits you.
* * * LOW HITPOINT WARNING * * *
You bump into the rock wall.
You hear some strange, mumbled words.
A magic dart appears from out of thin air!
The magic dart hits you.
You die...

#.# #.# #.##############
#...........##.#
#####.#########.##.##
#............##.##..
##:....######.##.##.#########
...##..######.##{##..........
.#.##.......#.##@).)........#
.......###.##.####†).†......#
.#.....###.##.####..........#
..<....#.........#....#######
.......#.##......#....#
.................#....#
##.....####......#....#
....... .........>..# ...
.########....#


There were no monsters in sight!

Vanquished Creatures
  An orc priest (D:2)
  2 adders (D:2)
  A dart slug (D:2)
  3 orcs (D:2)
  4 ball pythons
  3 endoplasms
  5 giant cockroaches
  A goblin (D:1)
  4 hobgoblins
  2 quokkas
  A bat (D:1)
  A frilled lizard (D:1)
  3 kobolds
  4 rats (D:1)
35 creatures vanquished.

Notes
Turn   | Place    | Note
-------+----------+-------------------------------------------
     0 | D:1      | Wiggles the Minotaur Berserker began the quest for the Orb.
     0 | D:1      | Reached XP level 1. HP: 19/19 MP: 0/0
   186 | D:1      | Reached XP level 2. HP: 25/27 MP: 1/1
   576 | D:2      | Reached XP level 3. HP: 33/33 MP: 2/2
   656 | D:2      | Found a sacrificial altar of Ru.
   770 | D:2      | Reached ** piety under Trog
   771 | D:2      | Reached XP level 4. HP: 8/41 MP: 3/3
   887 | D:2      | Killed from afar by an orc wizard

Illustrated notes

Levels and vault maps discovered:
D:1:      psy_arrival_conway, layout_rooms
D:2:      layout_basic, basic_altar, nicolae_concentric_dashed_squares_wild

Skill      XL: |  1  2 |
---------------+-------+-----
Axes           | 4 |  4.8
Fighting       | 4 |  4.6
Armour         | |  2.9
Dodging        | |  2.8
Stealth        | |  0.1

Action                     |  1- 3 |  4- 6 || total
---------------------------+-------+-------++-------
  Melee: Hand axe          |    79 |    15 ||    94
         Headbutt          |    11 |     1 ||    12
         Punch             |       |     1 ||     1
 Armour: Animal skin       |    14 |     1 ||    15
  Dodge: Dodged            |    68 |     6 ||    74
